AoeStats
← jjotafigueroa

Black Forest

506497901Analyzed
2v2 RM · 17d ago on Sep 13, 2026· 53m 35s· 4 players
Game mode
Random Map
Map size
Medium (4 player)
Population
200
Speed
Normal
Resources
Standard
Victory
Conquest
Starting age
Dark Age
Ending age
Imperial Age
RankedLock teamsTeams togetherTeam positionsShared explorationLock speedFull tech treeHidden civsTurbo modeCheats
Victory
Defeat
🇦🇷 Huns · Argentina
555
+17
🇦🇷 Persians · Argentina
551
+17
🇺🇸 Tatars · United States
592
-18
🇹🇷 Huns · Türkiye
558
-16
kado
0:42 Loom
18:00 Feudal Age
21:01 Town Watch
21:06 Double-Bit Axe
21:37 Stone Mining
25:34 Castle Age
24:15 Gold Mining
26:14 Forging
26:10 Scale Barding Armor
26:11 Horse Collar
27:22 Heavy Plow
27:45 Caravan
28:41 Coinage
28:33 Squires
27:55 Pikeman
28:20 Arson
30:57 Iron Casting
30:43 Chain Barding Armor
31:11 Bow Saw
33:14 Wheelbarrow
37:02 Marauders
39:32 Hand Cart
40:27 Gold Shaft Mining
41:31 Chain Barding Armor
41:47 Iron Casting
46:56 Imperial Age
47:00 Scale Mail Armor
48:13 Chain Mail Armor
48:59 Blast Furnace
47:25 Elite Tarkan
48:27 Conscription
49:02 Halberdier
51:51 Conscription
Kelonious
3:35 Loom
12:14 Feudal Age
13:38 Wheelbarrow
16:28 Double-Bit Axe
26:39 Castle Age
25:00 Horse Collar
27:39 Pikeman
28:10 Arson
28:29 Squires
29:43 Forging
29:37 Scale Mail Armor
29:29 Fletching
29:45 Scale Barding Armor
31:23 Fishing Lines
34:47 Bow Saw
37:48 Hand Cart
lautarosmg
10:44 Feudal Age
14:02 Horse Collar
14:10 Double-Bit Axe
16:15 Wheelbarrow
16:50 Loom
20:06 Castle Age
23:06 Hand Cart
22:42 Town Watch
25:35 Bow Saw
27:03 Heavy Plow
29:46 Town Patrol
33:20 Imperial Age
31:50 Ballistics
34:46 Chemistry
33:59 Scale Barding Armor
34:05 Forging
34:30 Onager
35:25 Fletching
35:36 Padded Archer Armor
36:12 Iron Casting
35:57 Chain Barding Armor
35:30 Crossbowman
36:18 Thumb Ring
39:03 Blast Furnace
40:44 Elite War Elephant
43:14 Plate Barding Armor
jjotafigueroa
5:47 Loom
17:26 Feudal Age
19:04 Double-Bit Axe
19:27 Horse Collar
19:34 Arson
20:01 Town Watch
22:20 Wheelbarrow
25:46 Gold Mining
33:09 Castle Age
31:12 Stone Mining
34:11 Town Patrol
33:55 Pikeman
34:41 Squires
34:02 Pikeman
Connection lost

Rejoining the realm…

Still unreachable

The connection could not be restored.

Session expired

The server has moved on; the page needs a fresh start.